Map: Ruins of Seras

Players

SticklerMac - Winner!

  • Race: Zerg Zerg
  • League: Grandmaster

FagebertKim

  • Race: Protoss Protoss
  • League: Grandmaster

VOD

Have the link to the VOD?

Description

Time

  • Played on: June 17, 2015, 1:12 a.m.
  • Length: 13:40
Show
View Real Time Build Order
Export as new Build Order

SticklerMac Zerg - Winner!

Build Orders: Pool First 

Get SALT Encoding   

  12  0:01  Drone  
  13  0:07  Drone  
  14  0:16  Extractor  
  14  0:17  Drone  
  14  0:33  Spawning Pool  
  13  0:36  Drone  
  14  0:46  Overlord  
  14  1:04  Drone x3  
  17  1:15  Drone  
  18  1:19  Metabolic Boost  
  18  1:29  Queen  
  18  1:32  Drone  
  21  1:39  Overlord  
  22  1:54  Drone  
  22  2:05  Hatchery  
  21  2:09  Drone  
  21  2:11  Drone  
  23  2:28  Drone  
  24  2:31  Roach Warren  
  24  2:33  Drone  
  23  2:54  Drone  
  25  2:58  Drone  
  25  3:00  Drone  
  25  3:02  Hatchery  
  26  3:05  Drone, Extractor  
  25  3:18  Queen  
  28  3:20  Drone  
  28  3:28  Drone x3  
  28  3:32  Drone  
  32  3:35  Drone  
  32  3:39  Drone  
  34  3:47  Lair  
  34  3:50  Drone  
  34  3:53  Drone  
  36  3:58  Overlord  
  36  4:02  Overlord  
  36  4:07  Extractor  
  36  4:09  Extractor  
  34  4:12  Drone x2  
  36  4:19  Overlord  
  36  4:20  Drone  
  36  4:21  Extractor x2  
  35  4:25  Drone x2  
  35  4:30  Drone  
  38  4:32  Drone  
  38  4:35  Drone  
  40  4:40  Drone  
  40  4:41  Drone  
  40  4:44  Drone  
  43  4:51  Queen  
  45  4:54  Drone  
  46  5:04  Queen  
  46  5:06  Drone x2  
  50  5:09  Drone x2  
  50  5:11  Drone  
  50  5:14  Drone  
  54  5:15  Drone  
  54  5:17  Drone  
  54  5:20  Drone  
  57  5:21  Drone  
  57  5:24  Drone  
  57  5:26  Drone  
  57  5:28  Drone  
  61  5:30  Drone  
  62  5:40  Drone x4  
  66  6:00  Overlord x2  
  66  6:01  Overlord  
  66  6:09  Spire  
  65  6:11  Spire  
  65  6:16  Drone  
  65  6:17  Drone  
  66  6:18  Overlord  
  66  6:19  Overlord x3  
  66  6:21  Drone  
  66  6:22  Drone  
  66  6:25  Drone x2  
  69  6:26  Drone  
  69  6:31  Drone  
  72  6:33  Infestation Pit  
  72  6:34  Drone x2  
  73  6:50  Hatchery  
  72  6:54  Spore Crawler  
  71  7:11  Overlord x4  
  71  7:12  Overlord x2  
  71  7:29  Hive  
  71  7:32  Mutalisk x3  
  71  7:33  Mutalisk x5  
  71  7:34  Mutalisk x3  
  71  7:35  Corruptor x4  
  101  7:37  Corruptor  
  103  7:51  Drone  
  103  7:52  Mutalisk x6  
  116  7:59  Zerg Flyer Weapons Level 1  
  116  8:02  Mutalisk x2  
  120  8:07  Queen  
  120  8:08  Mutalisk  
  124  8:16  Drone  
  124  8:17  Drone x7  
  132  8:22  Extractor  
  131  8:36  Corruptor x5  
  141  8:46  Mutalisk  
  134  8:52  Mutalisk  
  134  8:54  Zergling x6  
  134  8:55  Zergling x18  
  132  9:03  Drone  
  132  9:04  Zergling x6  
  132  9:05  Zergling x8  
  132  9:07  Mutalisk x2  
  139  9:27  Hatchery  
  138  9:35  Mutalisk  
  138  9:36  Mutalisk x2  
  140  9:48  Extractor  
  139  10:08  Drone x5  
  139  10:09  Drone x4  
  139  10:12  Drone  
  139  10:13  Drone  
  150  10:20  Greater Spire  
  150  10:22  Zerg Flyer Weapons Level 2  
  150  10:24  Corruptor  
  150  10:25  Corruptor x2  
  150  10:28  Corruptor  
  158  11:01  Queen  
  158  11:03  Drone x4  
  158  11:04  Drone x7  
  167  11:05  Drone x5  
  167  11:06  Overlord  
  167  11:07  Overlord  
  167  11:09  Overlord x2  
  167  11:10  Overlord x2  
  167  11:11  Overlord x3  
  176  11:30  Drone  
  177  11:35  Brood Lord x5  
  177  11:36  Brood Lord x2  
  177  11:39  Brood Lord  
  193  11:43  Corruptor  
  195  11:47  Corruptor  
  197  11:59  Corruptor  
  197  12:00  Zergling x2  
  200  12:05  Overseer  
  200  12:06  Overseer  
Show
View Real Time Build Order
Export as new Build Order

FagebertKim Protoss 

Build Orders: Nexus First 

Get SALT Encoding   

  12  0:01  Probe  
  13  0:13  Probe  
  14  0:22  Pylon  
  14  0:40  Probe (Chrono Boost)  
  16  0:51  Probe (Chrono Boost)  
  16  0:57  Probe  
  17  1:05  Nexus  
  17  1:18  Gateway  
  17  1:27  Assimilator  
  17  1:29  Assimilator  
  17  1:30  Probe (Chrono Boost)  
  19  1:40  Probe (Chrono Boost), Pylon  
  19  1:47  Probe  
  20  1:59  Probe (Chrono Boost)  
  21  2:07  Zealot  
  23  2:11  Probe (Chrono Boost)  
  24  2:19  Probe (Chrono Boost)  
  24  2:21  Cybernetics Core, Probe (Chrono Boost)  
  26  2:26  Forge  
  27  2:31  Probe (Chrono Boost)  
  27  2:33  Probe (Chrono Boost)  
  28  2:38  Probe  
  28  2:39  Zealot (Chrono Boost)  
  31  2:53  Probe (Chrono Boost)  
  33  3:01  Probe (Chrono Boost), Pylon  
  33  3:02  Protoss Ground Weapons Level 1 (Chrono Boost)  
  33  3:03  Probe (Chrono Boost)  
  34  3:07  Probe (Chrono Boost)  
  34  3:08  Sentry  
  34  3:09  Warp Gate  
  34  3:10  Probe (Chrono Boost)  
  39  3:22  Probe (Chrono Boost), Assimilator  
  39  3:25  Probe (Chrono Boost)  
  39  3:26  Assimilator  
  40  3:30  Probe (Chrono Boost)  
  40  3:32  Probe (Chrono Boost)  
  42  3:40  Mothership Core  
  44  3:43  Probe  
  45  3:50  Stargate  
  46  3:55  Probe (Chrono Boost)  
  46  4:01  Probe (Chrono Boost), Pylon  
  47  4:13  Probe (Chrono Boost)  
  47  4:16  Probe (Chrono Boost)  
  49  4:20  Robotics Facility  
  49  4:21  Probe (Chrono Boost)  
  49  4:24  Probe (Chrono Boost), Twilight Council  
  51  4:27  Pylon  
  52  4:32  Pylon  
  52  4:33  Probe (Chrono Boost)  
  52  4:34  Probe (Chrono Boost)  
  53  4:41  Pylon, Void Ray (Chrono Boost)  
  53  4:42  Probe  
  58  4:54  Probe  
  59  5:00  Gateway  
  59  5:02  Gateway  
  59  5:03  Gateway  
  59  5:06  Gateway  
  59  5:10  Pylon  
  59  5:13  Probe  
  60  5:17  Void Ray (Chrono Boost)  
  60  5:18  Robotics Bay  
  64  5:22  Protoss Ground Weapons Level 2 (Chrono Boost)  
  64  5:31  Probe  
  65  5:44  Probe  
  66  5:51  Nexus  
  66  5:52  Void Ray (Chrono Boost)  
  66  5:54  Pylon  
  70  5:58  Pylon  
  70  6:01  Extended Thermal Lance (Chrono Boost)  
  70  6:05  Colossus (Chrono Boost)  
  76  6:15  Zealot x3  
  76  6:17  Sentry  
  84  6:18  Probe  
  85  6:28  Void Ray (Chrono Boost)  
  89  6:36  Probe (Chrono Boost)  
  91  6:42  Sentry, Probe (Chrono Boost), Zealot  
  91  6:43  Zealot x2  
  99  6:53  Colossus (Chrono Boost)  
  105  7:05  Probe (Chrono Boost)  
  106  7:13  Zealot x4  
  106  7:15  Probe (Chrono Boost), Assimilator  
  115  7:21  Assimilator  
  115  7:22  Probe (Chrono Boost)  
  116  7:34  Probe (Chrono Boost)  
  116  7:35  Gateway  
  117  7:38  Gateway  
  117  7:40  Photon Cannon  
  117  7:42  Probe (Chrono Boost)  
  118  7:44  Photon Cannon  
  118  7:45  Pylon  
  118  7:51  Probe  
  118  7:56  Pylon  
  119  8:02  Colossus, Pylon  
  119  8:03  Probe (Chrono Boost)  
  119  8:04  Pylon  
  126  8:15  Probe (Chrono Boost)  
  126  8:17  Stalker  
  126  8:19  Stalker  
  131  8:21  Sentry  
  131  8:22  Nexus  
  131  8:24  Probe (Chrono Boost)  
  131  8:25  Pylon  
  134  8:32  Probe  
  121  8:53  Stalker x3  
  121  8:54  Stalker x4  
  89  9:18  Stalker x3  
  89  9:19  Stalker x2  
  89  9:20  Stalker x2  
  91  9:34  Gateway x2  
  69  9:50  Stalker x2  
  69  9:51  Stalker x3  
  69  9:52  Zealot x2  
  83  9:56  Probe  
  84  10:00  Colossus  
  84  10:06  Void Ray (Chrono Boost)  
  94  10:08  Probe (Chrono Boost)  
  94  10:12  Probe (Chrono Boost)  
  96  10:21  Probe (Chrono Boost)  
  97  10:25  Probe (Chrono Boost)  
  97  10:27  Probe (Chrono Boost)  
  99  10:38  Probe (Chrono Boost)  
  99  10:41  Void Ray (Chrono Boost)  
  104  10:43  Stargate  
  104  10:45  Probe (Chrono Boost)  
  104  10:47  Pylon  
  104  10:49  Pylon, Assimilator  
  105  10:51  Assimilator  
  105  10:52  Protoss Ground Armor Level 1 (Chrono Boost)  
  105  10:55  Probe  
  106  11:01  Forge, Pylon  
  106  11:02  Stalker  
  106  11:03  Stalker x2  
  106  11:04  Stalker  
  114  11:05  Zealot x4  
  122  11:15  Templar Archives  
  122  11:17  Probe (Chrono Boost)  
  124  11:27  Probe (Chrono Boost)  
  124  11:28  Stalker x4  
  124  11:29  Zealot x5  
  142  11:40  Gateway  
  142  11:42  Pylon  
  142  11:46  Gateway  
  142  11:47  Probe (Chrono Boost)  
  142  11:49  Gateway  
  143  11:55  Psionic Storm  
  143  11:57  Probe (Chrono Boost)  
  143  12:01  High Templar x6  
  148  12:04  Probe  
  157  12:14  Sentry  
  157  12:15  Sentry x2  
  163  12:20  Void Ray x2  
  171  12:23  Colossus (Chrono Boost)  
  177  12:39  Nexus  
  177  12:50  Nexus, Pylon  
  177  12:52  High Templar x2  
  177  12:53  Pylon, High Templar  
  183  13:02  Archon  
  183  13:03  High Templar  
  183  13:04  High Templar  
  187  13:06  High Templar  
  137  13:28  Stalker x2  
  137  13:29  Stalker x2  
  137  13:30  Stalker x2  
Tags
 
Add a new tag
Caveats
  • Supply blocks, unpowered buildings, or Contaminate may cause inaccurate times.
  • Supply counts are checked every 10 seconds.